 Dungeon Crawl Stone Soup version 0.22-a0-525-gf69a080 (webtiles) character file.

19 kae the Insei (level 2, 0/31 HPs)
             Began as a Demonspawn Transmuter on June 20, 2018.
             Succumbed to an adder's poison
             ... on level 2 of the Dungeon.
             The game lasted 00:00:40 (1167 turns).

kae the Insei (Demonspawn Transmuter)               Turns: 1167, Time: 00:00:41

Health: 0/31       AC: 21    Str: 10    XL:     2   Next: 55%
Magic:  4/5        EV:  2    Int: 14    God:
Gold:   42         SH:  0    Dex: 13    Spells: 4/5 levels left

rFire    . . .     SeeInvis .   f - +0 club
rCold    . . .     Gourm    .   (no shield)
rNeg     + + +     Faith    .   (armour currently unavailable)
rPois    +         Spirit   .   (helmet currently unavailable)
rElec    .         Reflect  .   (cloak currently unavailable)
rCorr    .         Harm     .   (gloves currently unavailable)
MR       .....     NoTele   +   (boots currently unavailable)
Stlth    +.........             (no amulet)
HPRegen  0.10/turn              (no ring)
MPRegen  0.09/turn              (no ring)

@: lethally poisoned (0 -> -13), tree-form
A: no striking features
a: no special abilities


You were on level 2 of the Dungeon.
You were very hungry.
You were a tree.
You visited 1 branch of the dungeon, and saw 2 of its levels.

You collected 42 gold pieces.

Inventory:

Hand Weapons
 f - a +0 club (weapon)
Missiles
 a - 106 arrows
Armour
 b - a +0 robe (melded)
 j - a +0 helmet (melded)
Jewellery
 c - a cursed ring of loudness {unknown}
Scrolls
 e - 4 scrolls of identify {unknown}
 h - a scroll of teleportation {unknown}
 i - a scroll of remove curse {unknown}
 l - a scroll of random uselessness {unknown}
Potions
 k - a potion of cancellation {unknown}
Comestibles
 d - 2 rations


   Skills:
 + Level 1.4 Fighting
 - Level 1.7 Dodging
 * Level 3.1 Unarmed Combat
 + Level 2.2 Spellcasting
 + Level 2.0 Transmutations


You had 4 spell levels left.
You knew the following spells:

 Your Spells              Type           Power        Failure   Level  Hunger
a - Beastly Appendage     Tmut           #.....       10%         1    #......

Your spell library contained the following spells:

 Spells                   Type           Power        Failure   Level  Hunger
 Spider Form              Tmut/Pois      #.........   41%         3    ###....
 Blade Hands              Tmut           #.........   95%         5    ######.
 Ice Form                 Ice/Tmut       #.......     83%         4    #####..
 Sticks to Snakes         Tmut           #.......     16%         2    ###....


Dungeon Overview and Level Annotations

Branches:
Dungeon (2/15)

Altars:


Innate Abilities, Weirdness & Mutations

((You have sharp fingernails.))


Message History

You feel sick. The adder barely misses you. The adder misses you.
You barely miss the adder. You claw the adder, but do no damage.
The adder is heavily wounded.
* * * LOW HITPOINT WARNING * * *
You feel sick. The adder bites you.
* * * LOW HITPOINT WARNING * * *
You are more poisoned.
The adder poisons you! The adder bites you.
* * * LOW HITPOINT WARNING * * *
You are more poisoned.
The adder poisons you!
You closely miss the adder.
The adder is heavily wounded.
* * * LOW HITPOINT WARNING * * *
You feel sick. The adder closely misses you.
It was a potion of lignification.
Your talons disappear.
You turn into a tree.
Your +0 helmet melds into your body.
Your +0 robe melds into your body.
Your roots penetrate the ground.
You die...

.........#.#
.######.##.#
#.........#
......#.#..#
......#.#..#
..... #.#..#
.....
#.#..########
....
..#....<....#
....
###♣#######.#
#.S......
#########


You could see an adder.

Vanquished Creatures
  A giant cockroach (D:1)
  5 goblins (D:1)
  A hobgoblin (D:1)
  3 ball pythons
  4 bats (D:1)
  2 kobolds (D:1)
  2 rats
18 creatures vanquished.

Vanquished Creatures (others)
  7 toadstools (D:1)
7 creatures vanquished.

Grand Total: 25 creatures vanquished

Notes
Turn   | Place    | Note
-------+----------+-------------------------------------------
     0 | D:1      | kae the Demonspawn Transmuter began the quest for the Orb.
     0 | D:1      | Reached XP level 1. HP: 15/15 MP: 3/3
   531 | D:1      | Gained mutation: You have sharp fingernails. [demonic ancestry]
   531 | D:1      | Reached XP level 2. HP: 10/21 MP: 3/5
   741 | D:1      | Reached skill level 3 in Unarmed Combat
  1166 | D:2      | HP: 1/21 [poisoned by an adder]
  1167 | D:2      | Succumbed to an adder's poison

Vault maps used:
D:1:      nagdon_arrival_double_spiral
D:2:      grunt_temple_overflow_octagram, minmay_misc_feat_hallway,
          nicolae_gozag_cash_rules_everything_around_me

Skill      XL: |  1  2 |
---------------+-------+-----
Transmutations | 2 |  2.0
Unarmed Combat | 3 |  3.1
Fighting       | |  1.4
Dodging        | |  1.7
Spellcasting   | |  2.2

Action                   || total
-------------------------++-------
Melee: Club              ||    61
       Unarmed           ||     4
       Headbutt          ||     3
       Kick              ||     4
       Punch             ||     1
 Cast: Beastly Appendage ||    11
  Use: Potion            ||     1
 Stab: Sleeping          ||     1
Armor: Robe              ||    22
Dodge: Dodged            ||    66

Table legend:
 A = Spawn XP
 B = Non-spawn XP
 C = Spawn XP percentage of total XP
 D = Spawn monster count
 E = Non-spawn monster count
 F = Spawn count percentage of total count
 G = Total turns spent on level
                    A         B        C        D         E        F      G
               +---------+---------+-------+---------+---------+-------+---------
         Total |       0 |      28 |   0.0 |       0 |      18 |   0.0 |  1167
               +---------+---------+-------+---------+---------+-------+---------
           D:1 |       0 |      26 |   0.0 |       0 |      16 |   0.0 |  1004
           D:2 |       0 |       2 |   0.0 |       0 |       2 |   0.0 |   163
               +---------+---------+-------+---------+---------+-------+---------
